 Dungeon Crawl Stone Soup version 0.31-a0-115-g4708a659fe (webtiles) character file.

Game seed: 3168617904898322252

99 avis the Insei (level 4, -5/29 HPs)
             Began as an Octopode Transmuter on May 29, 2023.
             Slain by Crazy Yiuf
             ... wielding a +2 quarterstaff of chaos
              (7 damage)
             ... on level 2 of the Dungeon.
             The game lasted 00:09:56 (1677 turns).

avis the Insei (Octopode Transmuter)                Turns: 1677, Time: 00:09:56

Health: -5/29      AC:  2    Str:  9    XL:     4   Next: 72%
Magic:  0/7        EV: 20    Int: 15    God:
Gold:   74         SH:  0    Dex: 19    Spells: 1/7 levels left

rFire   . . .        a - melded +1 dagger (drain)
rCold   . . .        (shield currently unavailable)
rNeg    . . .        (helmet currently unavailable)
rPois   x            (no amulet)
rElec   .            h - ring of willpower
rCorr   .            (no ring)
SInv    .            (no ring)
Will    +....        (no ring)
Stlth   ++           (no ring)
HPRegen 0.24/turn    (no ring)
MPRegen 0.10/turn    (no ring)
                     (no ring)

%: no passive effects
@: spider-form
A: venomous fangs, almost no armour, (amphibious), 8 rings, tiny, (camouflage
1), (gelatinous body 1), (nimble swimmer 1), (tentacles)
a: End Transformation


You were on level 2 of the Dungeon.
You were a venomous arachnid creature.
You visited 1 branch of the dungeon, and saw 2 of its levels.

You collected 74 gold pieces.

Inventory:

Hand Weapons
 a - a +1 dagger of draining (melded)
Magical Staves
 f - a staff of death
Jewellery
 h - a ring of willpower (left front pincers)
Scrolls
 j - 2 scrolls of teleportation {unknown}
Potions
 b - a potion of curing {unknown}
 c - a potion of lignification
 d - 3 potions of heal wounds {unknown}
 e - 2 potions of brilliance {unknown}
 g - a potion of resistance {unknown}
 i - a potion of might {unknown}


   Skills:
 - Level 2.0 Fighting
 - Level 2.3 Dodging
 * Level 3.4 Unarmed Combat
 - Level 2.2 Spellcasting
 - Level 3.0 Transmutations
 - Level 2.0 Poison Magic


You had one spell level left.
You knew the following spells:

 Your Spells              Type           Power      Damage    Failure   Level
a - Beastly Appendage     Tmut           20%        N/A       17%         1
e - Wereblood             Tmut           10%        N/A       24%         2
p - Spider Form           Tmut/Pois      9%         N/A       45%         3

Your spell library contained the following spells:

 Spells                   Type           Power      Damage    Failure   Level
 Ice Form                 Ice/Tmut       6%         N/A       89%         4


Dungeon Overview and Level Annotations

Branches:
Dungeon (2/15)

Altars:

Shops:
D:1 *

Annotations:
D:2 Crazy Yiuf


Innate Abilities, Weirdness & Mutations

You are a venomous arachnid creature.
You have venomous fangs.
You are tiny and dextrous.
Your spellcasting is less reliable in this form.
Your armour is entirely melded.
You are incapable of wielding weapons or throwing items.
You cannot wear most types of armour.
((You are amphibious.))
You can wear up to eight rings at the same time.
((Your skin changes colour to match your surroundings (Stealth+).))
((Your rubbery body absorbs attacks. (AC +1, EV +1)))
((You are camouflaged when in or above water. (Stealth+)))
((You have tentacles for arms and can constrict up to eight enemies at once.))


Message History

You bite the frilled lizard!
You kill the frilled lizard!
Your transformation is almost over.
Your transformation has ended.
Your +1 dagger of draining unmelds from your body.
You sense an unholy aura.
Found a hammer.
Found a runed translucent door.
You start resting.
Magic restored.
Crazy Yiuf shouts!
Crazy Yiuf cries, "You leg down broken song, no?"
Casting: Spider Form (quite dangerous; 24% risk of failure)
Confirm with . or Enter, or press ? or * to list all spells.
The spell is quite dangerous to miscast (24% risk of failure)!
Continue anyway?
You turn into a venomous arachnid creature.
Your +1 dagger of draining melds into your body.
You open the door. You hit Crazy Yiuf.
Crazy Yiuf is lightly wounded.
Crazy Yiuf sings, "Trees, trees, trees, circus!"
Crazy Yiuf completely misses you.
You hit Crazy Yiuf.
Crazy Yiuf is poisoned.
Crazy Yiuf is lightly wounded.
Crazy Yiuf closely misses you.
You hit Crazy Yiuf but do no damage.
Crazy Yiuf looks as sick as possible!
Crazy Yiuf is lightly wounded.
Crazy Yiuf hits you with a +2 quarterstaff of chaos!
You feel your power leaking away.
You barely miss Crazy Yiuf.
Crazy Yiuf is moderately wounded.
Crazy Yiuf drinks a potion.
Crazy Yiuf goes berserk!
You hit Crazy Yiuf.
Crazy Yiuf looks as sick as possible!
Crazy Yiuf is heavily wounded.
Crazy Yiuf barely misses you.
You hit Crazy Yiuf but do no damage.
Crazy Yiuf looks as sick as possible!
Crazy Yiuf is severely wounded.
Crazy Yiuf hits you with a +2 quarterstaff of chaos!
* * * LOW HITPOINT WARNING * * *
Crazy Yiuf burns you!
You die...

####♣♣ ###
###..#P♣♣ ♣♣#..)#
#......P♣♣♣♣sg...#
#.#....P.♣..♣#...#
#######
###.##.#P.♣.♣♣♣
### #....)#
#....###♣♣♣♣♣
#.....# #..#.#
#.....# #>...####
####.....#
#.......#
.........#
#...###.#.
.........####
#.........
..........)..


You could see Crazy Yiuf (berserk, extremely poisoned).

Vanquished Creatures
  Terence (D:2)
  3 gnolls
  A worm (D:2)
  An orc (D:2)
  3 endoplasms (D:1)
  A giant cockroach (D:1)
  2 goblins (D:1)
  9 hobgoblins
  A quokka (D:1)
  7 ball pythons (D:1)
  4 bats
  3 frilled lizards
  A kobold (D:2)
  4 rats
41 creatures vanquished.

Notes
Turn   | Place    | Note
-------+----------+-------------------------------------------
     0 | D:1      | avis the Octopode Transmuter began the quest for the Orb.
     0 | D:1      | Reached XP level 1. HP: 13/13 MP: 3/3
    71 | D:1      | Reached XP level 2. HP: 15/18 MP: 1/5
   400 | D:1      | Found Xetaguvi's General Store.
   520 | D:1      | Reached XP level 3. HP: 22/23 MP: 4/6
  1142 | D:1      | Learned a level 2 spell: Wereblood
  1146 | D:1      | Learned a level 3 spell: Spider Form
  1295 | D:2      | Reached skill level 1 in Poison Magic
  1295 | D:2      | Reached XP level 4. HP: 29/29 MP: 3/7
  1344 | D:2      | Noticed Terence
  1357 | D:2      | Killed Terence
  1656 | D:2      | Found a runed translucent door.
  1667 | D:2      | Noticed Crazy Yiuf
  1677 | D:2      | Slain by Crazy Yiuf

Illustrated notes

Levels and vault maps discovered:
D:1:      saegor_arrival_simple_a, layout_basic, serial_shops, shop
D:2:      layout_basic, shapermc_ecumenical_altar_notcrosses, uniq_terence,
          uniq_crazy_yiuf_cottage

Skill      XL: |  1  2  3  4 |
---------------+-------------+-----
Fighting       | 2 |  2.0
Poison Magic   | 1 2 |  2.0
Transmutations | 3 |  3.0
Dodging        | |  2.3
Unarmed Combat | |  3.4
Spellcasting   | |  2.2

Action                     |  1- 3 |  4- 6 || total
---------------------------+-------+-------++-------
  Melee: Unarmed           |    58 |    35 ||    93
         Kick              |    14 |       ||    14
         Constrict         |    12 |       ||    12
         Tentacles         |     7 |       ||     7
         Punch             |     1 |       ||     1
         Dagger            |       |     1 ||     1
   Cast: Beastly Appendage |    20 |       ||    20
         Spider Form       |     3 |     7 ||    10
   Stab: Sleeping          |     5 |       ||     5
         Distracted        |     1 |       ||     1
 Armour: Skin              |     2 |     2 ||     4
  Dodge: Dodged            |    40 |    19 ||    59

Table legend: (Time is in decaauts)
 A = Elapsed time spent in this place.
 B = Non-inter-level travel time spent in this place.
 C = Inter-level travel time spent in this place.
 D = Time resting spent in this place.
 E = Time spent auto-exploring this place.
 F = Levels seen in this place.
 G = Mean time per level.
                   A        B        C        D        E       F      G
               +--------+--------+--------+--------+--------+-----+--------+
         Total |   1674 |   1583 |     91 |    278 |    867 |   2 |  837.0 |
       Dungeon |   1674 |   1583 |     91 |    278 |    867 |   2 |  837.0 |
               +--------+--------+--------+--------+--------+-----+--------+

Top non-repeatable levels by time:
     D:1: 1257 daAuts
     D:2: 417 daAuts
